 Dungeon Crawl Stone Soup version 0.29.0-10-g45618ea6d2 (webtiles) character file.

Game seed: 7670819210127989076

359 sanka the Ruffian (level 6, -5/52 HPs)
             Began as a Draconian Monk on Sept 1, 2022.
             Slain by Menkaure (15 damage)
             ... on level 4 of the Dungeon.
             The game lasted 00:03:26 (3334 turns).

sanka the Ruffian (Draconian Monk)                  Turns: 3334, Time: 00:03:27

Health: -5/52      AC:  9    Str: 14    XL:     6   Next: 37%
Magic:  6/6        EV: 13    Int: 12    God:
Gold:   185        SH:  0    Dex: 13    Spells: 5/5 levels left

rFire   . . .      SeeInvis .   r - +6 shillelagh "Devastator" {shatter}
rCold   . . .      Faith    .   (no shield)
rNeg    . . .      Spirit   .   (body armour unavailable)
rPois   .          Reflect  .   o - +1 hat
rElec   .          Harm     .   n - +0 cloak
rCorr   .          Rampage  .   (no gloves)
Will    +....                   h - +0 pair of boots
Stlth   ++........              (no amulet)
HPRegen 0.17/turn               x - ring "Mohuurgh" {Will+ Slay+2}
MPRegen 0.10/turn               b - ring of flight

@: flying
A: AC +6, unfitting armour, cold-blooded
a: no special abilities


You were on level 4 of the Dungeon.
You visited 1 branch of the dungeon, and saw 4 of its levels.

You collected 185 gold pieces.


Innate Abilities, Weirdness & Mutations

Your plain brown scales are hard. (AC +6)
You cannot fit into any form of body armour.
You are cold-blooded and may be slowed by cold attacks.


   Skills:
 + Level 4.2 Fighting
 + Level 3.5 Dodging
 - Level 1.7 Stealth
 * Level 6.3 Unarmed Combat


You had 5 spell levels left.
You didn't know any spells.
Your spell library was empty.

Inventory:

Hand Weapons
 r - the +6 shillelagh "Devastator" (weapon) {shatter}

   It releases a powerful concussive burst when it strikes, dealing extra damage
   to the target and all other foes adjacent to them.
Missiles
 l - 5 javelins (quivered)
Armour
 h - a +0 pair of boots (worn)
 n - a +0 cloak (worn)
 o - a +1 hat (worn)
Jewellery
 b - a ring of flight (right hand)
 x - the ring "Mohuurgh" (left hand) {Will+ Slay+2}

   [ring of willpower]

   Slay:      It affects your accuracy & damage with ranged weapons and melee
   (+2).
   Will:      It increases your willpower.
Scrolls
 c - 3 scrolls of amnesia {unknown}
 d - 3 scrolls of fog {unknown}
 e - 5 scrolls of identify {unknown}
 j - a scroll of enchant weapon {unknown}
 q - a scroll of blinking {unknown}
 s - a scroll of magic mapping {unknown}
 v - a scroll of teleportation {unknown}
 w - a scroll of torment {unknown}
Potions
 a - 2 potions of ambrosia
 f - 4 potions of haste {unknown}
 g - 2 potions of lignification {unknown}
 i - 2 potions of mutation {unknown}
 k - a potion of degeneration {unknown}
 m - a potion of heal wounds {unknown}
 p - a potion of flight {unknown}
 t - a potion of curing {unknown}
 u - 2 potions of might {unknown}

Dungeon Overview and Level Annotations

Branches:
Dungeon (4/15)
 Temple: D:4-7

Altars:
Ru

Annotations:
D:4 Menkaure

▒.▒ ▒.▒ ▒.▒ ▒▒▒.▒▒▒
▒.....▒
▒▒▒▒▒▒▒▒▒▒▒▒▒.....▒
▒▒.................▒
...▒▒▒▒▒▒▒▒▒▒▒..d..▒
▒▒▒▒ ▒..)M.▒
▒▒......£. ▒.▒▒▒▒▒▒▒
▒.▒ ▒.▒ ..< ▒..


You could see Menkaure (fast).


Message History

Found a stone staircase leading down.
There is a stone staircase leading down here.
Found a fuming silvery potion.
i - 2 fuming silvery potions (gained 1)
A kobold comes into view. It is wielding a +0 short sword.
A kobold is nearby!
Menkaure, Prince of Dust comes into view.
Menkaure shouts!
Menkaure calls on the powers of darkness!
The kobold convulses!
The kobold shouts!
Your body is wracked with pain!
Found 18 gold pieces.
Found a stone staircase leading up.
The kobold hits you with a +0 short sword.
* * * LOW HITPOINT WARNING * * *
Menkaure casts a spell.
Menkaure seems to speed up.
You sock the kobold!
You kill the kobold!
Menkaure closely misses you. Menkaure hits you!
* * * LOW HITPOINT WARNING * * *
You hit Menkaure.
Menkaure shudders.
Menkaure is severely damaged.
You tail-slap Menkaure.
Menkaure is almost destroyed.
Menkaure hits you!
You die...

Action                   |  1- 3 |  4- 6 || total
-------------------------+-------+-------++-------
Melee: Unarmed           |    92 |    37 ||   129
       Tailslap          |     9 |     7 ||    16
       Punch             |     1 |     2 ||     3
       Shillelagh        |       |    34 ||    34
 Stab: Sleeping          |     6 |     5 ||    11
Armor: Skin              |    18 |    27 ||    45
Dodge: Dodged            |    52 |    35 ||    87

Levels and vault maps discovered:
D:1:      heliophobic_arrival_enchanted_forest, layout_basic,
          palyth_stone_intersect
D:2:      layout_loops_corners, grunt_ministairs_10,
          chequers_serial_rivers_room_b, grunt_decor_mini_mirrors, st_stairs_3,
          minmay_randomly_rotated_circles
D:3:      layout_loops_ring, mainiacjoe_overflow_cross_hatched,
          nicolae_ecumenical_pavilion, grunt_decor_clamped,
          minmay_misc_feat_iff, uniq_grinder, uniq_jessica
D:4:      layout_loops_ring, ebering_ghost_sewer_f, minmay_fractal_squares_5,
          uniq_duvessa, uniq_menkaure

Notes
Turn   | Place    | Note
-------+----------+-------------------------------------------
     0 | D:1      | sanka the Draconian Monk began the quest for the Orb.
     0 | D:1      | Reached XP level 1. HP: 19/19 MP: 1/1
   353 | D:1      | Reached XP level 2. HP: 26/26 MP: 2/2
   980 | D:1      | Reached skill level 4 in Unarmed Combat
  1158 | D:2      | Found the +6 shillelagh "Devastator" {shatter}
  1260 | D:2      | Reached XP level 3. HP: 31/31 MP: 3/3
  1698 | D:2      | Reached XP level 4. HP: 38/38 MP: 4/4
  1814 | D:2      | Reached skill level 5 in Unarmed Combat
  2420 | D:3      | Noticed Grinder
  2426 | D:3      | Killed Grinder
  2427 | D:3      | Reached skill level 4 in Fighting
  2427 | D:3      | Reached skill level 3 in Dodging
  2427 | D:3      | Reached skill level 6 in Unarmed Combat
  2427 | D:3      | Reached XP level 5. HP: 41/46 MP: 5/5
  2427 | D:3      | Reached XP level 6. HP: 46/52 MP: 6/6
  2511 | D:3      | Found a faded altar of an unknown god.
  2605 | D:3      | Noticed Jessica
  2607 | D:3      | Killed Jessica
  2741 | D:3      | Found a sacrificial altar of Ru.
  3260 | D:4      | Identified the ring "Mohuurgh" {Will+ Slay+2}
  3328 | D:4      | Noticed Menkaure
  3334 | D:4      | Slain by Menkaure

Vanquished Creatures
  Grinder (D:3)
  Jessica (D:3)
  4 adders
  A gnoll (D:4)
  A white imp (D:4)
  2 worms (D:2)
  2 dart slugs
  4 orcs
  9 endoplasms
  2 giant cockroaches (D:1)
  8 goblins
  4 hobgoblins
  7 jackals
  5 ball pythons
  3 bats
  2 frilled lizards
  11 kobolds
  5 rats
72 creatures vanquished.
